 Dungeon Crawl Stone Soup version 0.25-a0-578-gc91f01c39c (webtiles) character file.

Game seed: 7324953512892688243, levelgen mode: classic

50803 EnegeticOcto the Champion of Chaos (level 14, -2/138 HPs)
             Began as a Deep Dwarf Fighter on Mar 3, 2020.
             Was the Champion of Makhleb.
             Slain by a 16-headed hydra (6 damage)
             ... on level 4 of the Lair of Beasts.
             The game lasted 00:08:43 (10741 turns).

EnegeticOcto the Champion of Chaos (DDFi)          Turns: 10741, Time: 00:08:44

Health: -2/138     AC: 17    Str: 25    XL:     14   Next: 21%
Magic:  7/7        EV:  9    Int:  9    God:    Makhleb [******]
Gold:   425        SH: 12    Dex: 12    Spells: 13/13 levels left

rFire    x . .     SeeInvis +   p - +4 war axe (elec)
rCold    + . .     Gourm    .   c - +0 kite shield
rNeg     + + .     Faith    .   l - +0 swamp dragon scales
rPois    +         Spirit   .   (no helmet)
rElec    +         Reflect  .   (no cloak)
rCorr    .         Harm     .   I - +0 pair of gloves of Gukkozac {+Blink rN+} (curse)
MR       ++...                  u - +2 pair of boots
Stlth    +.........             (no amulet)
HPRegen  0.00/turn              H - ring "Polau" {Ice rElec Slay+3}
MPRegen  0.10/turn              y - ring of see invisible

@: non-regenerating
A: damage resistance, heal wounds, claws 1, slimy green scales 1, negative
energy resistance 1, sense surroundings 2, no regeneration
a: Heal Wounds, Minor Destruction, Lesser Servant of Makhleb, Major Destruction,
Greater Servant of Makhleb, Renounce Religion, Evoke Blink


You were on level 4 of the Lair of Beasts.
You worshipped Makhleb.
Makhleb was exalted by your worship.
You were not hungry.

You visited 3 branches of the dungeon, and saw 20 of its levels.

You collected 1095 gold pieces.
You spent 670 gold pieces at shops.

Inventory:

Hand Weapons
 a - a +0 broad axe
 p - a +4 war axe of electrocution (weapon)
Missiles
 z - 3 throwing nets (quivered)
Armour
 c - a +0 kite shield (worn)
 l - +0 swamp dragon scales (worn)
 q - a +1 pair of gloves
 u - a +2 pair of boots (worn)
 F - a +1 chain mail of fire resistance
 I - the cursed +0 pair of gloves of Gukkozac (worn) {+Blink rN+}
   (You found it on level 14 of the Dungeon)

   It protects you from negative energy.
   It lets you blink.
   If you remove this armour, your AC will decrease by 2 (17 -> 15).
   It has a curse placed upon it.
Jewellery
 b - an uncursed ring of protection from magic
 y - a ring of see invisible (right hand)
 H - the ring "Polau" (left hand) {Ice rElec Slay+3}
   (You bought it in a shop on level 7 of the Dungeon)

   [ring of ice]

   It enhances your ice magic.
   It affects your accuracy and damage with ranged weapons and melee attacks
   (+3).
   It makes you vulnerable to fire.
   It protects you from cold.
   It insulates you from electricity.
Wands
 A - a wand of acid (11) {@v1}
 B - a wand of flame (47)
 C - a wand of digging (7) {@v2}
 E - a wand of iceblast (2)
 G - a wand of paralysis (16)
 N - a wand of scattershot (7)
Scrolls
 d - a scroll of fog
 f - 6 scrolls of enchant armour
 i - 8 scrolls of remove curse {@r6}
 r - 2 scrolls of silence
 s - 3 scrolls of teleportation {@r2}
 x - 2 scrolls of fear
 D - 3 scrolls of magic mapping {@r5}
 J - 3 scrolls of identify {@r1}
 M - a scroll of blinking {@r3}
Potions
 g - 6 potions of lignification {@q7}
 h - 4 potions of heal wounds {@q2}
 j - 2 potions of stabbing {@q5}
 k - 3 potions of might {@q3}
 m - a potion of invisibility
 n - 3 potions of haste {@q4}
 o - 5 potions of curing {@q1}
 t - 4 potions of berserk rage
 v - 2 potions of magic
Comestibles
 e - 24 rations


   Skills:
 * Level 12.2 Fighting
 * Level 14.0 Axes
 + Level 10.6 Armour
 + Level 10.6 Shields
 * Level 14.1 Invocations


You had 13 spell levels left.
You didn't know any spells.
Your spell library was empty.

Dungeon Overview and Level Annotations

Branches:
Dungeon (15/15)            Temple (1/1) D:7            Lair (4/6) D:10
 Shoals (0/4) Lair:2        Snake (0/4) Lair:2          Orc (0/2) D:9
 Vaults (0/5) D:13         Depths (0/5) D:15

Altars:
Ashenzari
Cheibriados
Dithmenos
Elyvilon
Hepliaklqana
Kikubaaqudgha
Makhleb
Nemelex Xobeh
Ru
Sif Muna
Trog
Uskayaw
Wu Jian
Xom
Yredelemnul
The Shining One

Shops:
D:7 =   D:9 (%


Innate Abilities, Weirdness & Mutations

You are resistant to damage.
You can heal yourself by infusing magical energy.
You resist negative energy. (rN+)
You passively map the area around you.
You do not regenerate.
You have sharp fingernails.
You are partially covered in slimy green scales. (AC +2)


Message History

The 15-headed hydra closely misses you.
The 15-headed hydra bites you but does no damage.
The 15-headed hydra bites you! The 15-headed hydra barely misses you.
The 15-headed hydra bites you! The 15-headed hydra bites you.
The 15-headed hydra bites you but does no damage.
You block the 15-headed hydra's attack.
The 15-headed hydra bites you but does no damage. x2
A 15-headed hydra is nearby!
A 15-headed hydra is nearby!
A 15-headed hydra is nearby!
You hack one of the 15-headed hydra's heads off!
The 14-headed hydra grows two more!
You slash the 16-headed hydra!
The 16-headed hydra is moderately wounded.
The 16-headed hydra bites you but does no damage.
The 16-headed hydra bites you. You block the 16-headed hydra's attack.
The 16-headed hydra bites you but does no damage.
The 16-headed hydra bites you. You block the 16-headed hydra's attack.
The 16-headed hydra bites you but does no damage.
The 16-headed hydra bites you. The 16-headed hydra barely misses you.
The 16-headed hydra bites you! x2
* * * LOW HITPOINT WARNING * * *
The 16-headed hydra closely misses you. The 16-headed hydra bites you. x2
* * * LOW HITPOINT WARNING * * *
The 16-headed hydra bites you.
* * * LOW HITPOINT WARNING * * *
The 16-headed hydra bites you!
* * * LOW HITPOINT WARNING * * *
The 16-headed hydra misses you. The 16-headed hydra bites you!
* * * LOW HITPOINT WARNING * * *
You block the 16-headed hydra's attack. The 16-headed hydra bites you!
* * * LOW HITPOINT WARNING * * *
The 16-headed hydra bites you but does no damage.
The 16-headed hydra misses you.
The 16-headed hydra barely misses you. x2
The 16-headed hydra bites you.
* * * LOW HITPOINT WARNING * * *
The 16-headed hydra barely misses you. You block the 16-headed hydra's attack.
The 16-headed hydra bites you but does no damage.
The 16-headed hydra bites you.
The 16-headed hydra completely misses you.
The 16-headed hydra bites you. You block the 16-headed hydra's attack.
You feel much better.
The 16-headed hydra bites you but does no damage.
The 16-headed hydra bites you. x2
The 16-headed hydra bites you but does no damage.
The 16-headed hydra bites you!
* * * LOW HITPOINT WARNING * * *
The 16-headed hydra bites you!
* * * LOW HITPOINT WARNING * * *
The 16-headed hydra bites you but does no damage.
You block the 16-headed hydra's attack. x2; The 16-headed hydra bites you.
You block the 16-headed hydra's attack. The 16-headed hydra bites you.
The 16-headed hydra barely misses you. The 16-headed hydra bites you. x2
The 16-headed hydra bites you but does no damage.
Your magical essence is drained by the effort!
You feel much better. The 16-headed hydra bites you!
The 16-headed hydra barely misses you. The 16-headed hydra bites you! x2
* * * LOW HITPOINT WARNING * * *
The 16-headed hydra bites you but does no damage.
The 16-headed hydra bites you!
* * * LOW HITPOINT WARNING * * *
You block the 16-headed hydra's attack.
The 16-headed hydra bites you but does no damage.
You block the 16-headed hydra's attack.
The 16-headed hydra bites you but does no damage. x2
The 16-headed hydra bites you!
* * * LOW HITPOINT WARNING * * *
The 16-headed hydra bites you.
* * * LOW HITPOINT WARNING * * *
You block the 16-headed hydra's attack. The 16-headed hydra barely misses you.
The 16-headed hydra closely misses you.
All of the chunks of flesh in your inventory have rotted away.
You feel much better. You block the 16-headed hydra's attack.
The 16-headed hydra bites you!
* * * LOW HITPOINT WARNING * * *
You block the 16-headed hydra's attack.
The 16-headed hydra bites you but does no damage.
You block the 16-headed hydra's attack. The 16-headed hydra closely misses you.
The 16-headed hydra bites you but does no damage. x3
The 16-headed hydra barely misses you. You block the 16-headed hydra's attack.
The 16-headed hydra bites you!
* * * LOW HITPOINT WARNING * * *
The 16-headed hydra bites you. x2
* * * LOW HITPOINT WARNING * * *
The 16-headed hydra bites you!
* * * LOW HITPOINT WARNING * * *
The 16-headed hydra bites you.
* * * LOW HITPOINT WARNING * * *
A demon appears!
You block the 16-headed hydra's attack.
The 16-headed hydra completely misses you.
The 16-headed hydra barely misses you. x2
You block the 16-headed hydra's attack.
The 16-headed hydra bites you but does no damage. x2
The 16-headed hydra barely misses you. The 16-headed hydra bites you!
* * * LOW HITPOINT WARNING * * *
You block the 16-headed hydra's attack. x2
The 16-headed hydra bites you but does no damage.
The 16-headed hydra bites you. You block the 16-headed hydra's attack.
The 16-headed hydra bites you but does no damage.
The 16-headed hydra bites you!
You die...

,, * ### ## ###*####
#.####. ###..##..##
##..... #.........#####
#..... *
#.........'...#####.....
*
,.+........##............
,,*
#.....?D..###.##..+.....
, * #......@..#
#######..... , * *
##.......3# ##..<... ,
#........# #.......
#........P# ##.[...
#........## ####'# *
###+...### #.# * ...##
#.# * * ###. ##.. *, * *
#...


You could see a 16-headed hydra and a friendly ynoxinul.

Vanquished Creatures
  Josephine (D:11)
  Harold (D:11)
  Erolcha (D:11)
  3 centaur warriors
  A catoblepas (D:14)
  2 dancing weapons (D:13)
  4 two-headed ogres
  A death knight (D:15)
  5 tengu warriors
  Nergalle (Lair:1)
  An unseen horror (D:14)
  4 harpies (D:13)
  A wolf spider zombie (D:15)
  12 ugly things
  A deep elf mage (D:14)
  2 cyclopes
  An oklob plant (D:10)
  A manticore (D:12)
  A merfolk siren (Lair:2)
  Psyche (D:11)
  A black mamba (Lair:3)
  2 spiny frogs
  2 freezing wraiths (D:14)
  Maggie (D:6)
  A rime drake (Lair:4)
  2 komodo dragons
  A kobold demonologist (D:15)
  A tengu conjurer (D:15)
  A meliai (shapeshifter) (D:15)
  A polar bear (Lair:2)
  3 trolls
  A jumping spider (shapeshifter) (D:15)
  5 blink frogs (Lair:2)
  17 slime creatures
  8 hippogriffs
  Grinder (D:6)
  4 wraiths (D:11)
  A shadow (D:15)
  Sigmund (D:6)
  3 vampires
  A spriggan (Lair:2)
  12 yaks
  3 basilisks
  A yak (shapeshifter) (D:15)
  Grum (D:10)
  5 wyverns
  A human (D:7)
  4 hogs (D:7)
  5 hungry ghosts
  Eustachio (D:4)
  2 steam dragons
  An acid dragon (D:12)
  2 nagas (Lair:2)
  7 water moccasins
  9 orc warriors
  2 porcupines
  2 black bears
  3 ice beasts
  2 phantoms
  3 boggarts (D:15)
  6 wolves
  3 sky beasts
  8 ogres
  16 centaurs
  5 crocodiles
  A big kobold (D:10)
  14 bullfrogs
  A wyvern zombie (D:6)
  2 scorpions
  17 killer bees
  18 wights
  4 howler monkeys
  4 crimson imps
  A centaur zombie (D:5)
  2 bullfrog zombies
  A quasit (D:10)
  2 jellies
  An orc priest (D:8)
  5 centaur skeletons
  7 hounds
  A gnoll shaman (D:9)
  9 orc wizards
  3 bullfrog skeletons
  2 iguanas
  6 worker ants
  2 worker ant zombies
  8 gnolls
  9 adders
  7 shadow imps
  An ooze (D:6)
  A worm (D:2)
  3 leopard geckos
  36 orcs
  A ball python (D:6)
  4 giant cockroaches
  2 goblins
  A hobgoblin (D:1)
  18 jackals
  4 kobolds
  4 quokkas
  A ball python skeleton (D:4)
  3 bats (D:1)
  A frilled lizard (D:1)
  A giant cockroach zombie (D:6)
  2 jackal skeletons
  2 quokka skeletons
  3 rats (D:1)
  2 fungi
  5 plants (D:10)
429 creatures vanquished.

Vanquished Creatures (collateral kills)
  A hydra (Lair:1)
  2 killer bees (D:13)
3 creatures vanquished.

Vanquished Creatures (others)
  An unseen horror (D:15)
  A fungus (Lair:2)
  A plant (Lair:2)
3 creatures vanquished.

Grand Total: 435 creatures vanquished

Notes
Turn   | Place    | Note
-------+----------+-------------------------------------------
     0 | D:1      | EnegeticOcto the Deep Dwarf Fighter began the quest for the
                  | Orb.
     0 | D:1      | Reached XP level 1. HP: 20/20 MP: 1/1
   195 | D:1      | Reached XP level 2. HP: 27/27 MP: 2/2
   362 | D:4      | Reached XP level 3. HP: 18/34 MP: 3/3
   370 | D:4      | Reached XP level 4. HP: 21/42 MP: 4/4
   397 | D:4      | Found an ornate altar of the Wu Jian Council.
   454 | D:4      | Noticed an ogre
   469 | D:4      | Killed an ogre
   469 | D:4      | Reached XP level 5. HP: 39/50 MP: 4/4
   518 | D:4      | Noticed an ogre
   541 | D:4      | Killed an ogre
   627 | D:4      | Noticed Eustachio
   793 | D:4      | Reached XP level 6. HP: 26/57 MP: 2/2
   816 | D:4      | Killed Eustachio
  1018 | D:5      | Entered Level 5 of the Dungeon
  1023 | D:4      | Reached skill level 5 in Axes
  1040 | D:5      | Reached XP level 7. HP: 48/66 MP: 3/3
  1157 | D:5      | Reached skill level 5 in Fighting
  1257 | D:5      | Reached skill level 5 in Shields
  1435 | D:5      | Reached skill level 5 in Armour
  1533 | D:5      | Found a shadowy altar of Dithmenos.
  1545 | D:5      | Reached XP level 8. HP: 62/75 MP: 4/4
  1922 | D:6      | Noticed Grinder
  1930 | D:6      | Killed Grinder
  2056 | D:6      | Noticed Sigmund
  2061 | D:6      | Killed Sigmund
  2105 | D:6      | Found a sacrificial altar of Ru.
  2142 | D:6      | Noticed Maggie
  2173 | D:6      | Killed Maggie
  2422 | D:7      | Found a basalt altar of Yredelemnul.
  2452 | D:7      | Found a staircase to the Ecumenical Temple.
  2462 | Temple   | Entered the Ecumenical Temple
  2597 | Temple   | Became a worshipper of Makhleb the Destroyer
  2667 | D:7      | Found a shimmering altar of Xom.
  2669 | D:7      | Found a shimmering altar of Xom.
  2672 | D:7      | Found a shimmering altar of Xom.
  2673 | D:7      | Found a shimmering altar of Xom.
  2674 | D:7      | Found a shimmering altar of Xom.
  2674 | D:7      | Found a shimmering altar of Xom.
  2676 | D:7      | Found a shimmering altar of Xom.
  2685 | D:7      | Gained mutation: You passively map the area around you.
                  | [Deep Dwarf growth]
  2685 | D:7      | Reached XP level 9. HP: 46/85 MP: 1/1
  2691 | D:7      | Reached skill level 1 in Invocations
  2831 | D:7      | Found Janeulifie's Jewellery Shoppe.
  3115 | D:7      | Reached * piety under Makhleb
  3482 | D:8      | Reached skill level 5 in Invocations
  3553 | D:8      | Reached XP level 10. HP: 37/96 MP: 4/6
  3654 | D:8      | Found a shattered altar of Ashenzari.
  3913 | D:9      | Reached ** piety under Makhleb
  3970 | D:9      | Found a staircase to the Orcish Mines.
  3975 | D:9      | Found Yriphao's Weapon Shoppe.
  3979 | D:9      | Noticed a two-headed ogre
  3993 | D:9      | Killed a two-headed ogre
  4124 | D:9      | Found Umyserat's Food Shop.
  4358 | D:10     | Entered Level 10 of the Dungeon
  4366 | D:10     | Noticed a two-headed ogre
  4387 | D:10     | Killed a two-headed ogre
  4387 | D:10     | Reached skill level 10 in Axes
  4470 | D:10     | Found a staircase to the Lair.
  4473 | D:10     | Noticed an oklob plant
  4514 | D:10     | Killed an oklob plant
  4578 | D:10     | Reached XP level 11. HP: 75/106 MP: 9/9
  4586 | D:10     | Reached *** piety under Makhleb
  4587 | D:10     | Noticed Grum
  4621 | D:10     | Killed Grum
  4988 | D:11     | Found a basalt altar of Yredelemnul.
  5056 | D:11     | Reached **** piety under Makhleb
  5107 | D:11     | Noticed Harold
  5119 | D:11     | Killed Harold
  5138 | D:11     | Noticed a purple ugly thing
  5148 | D:11     | Killed a purple ugly thing
  5160 | D:11     | Noticed a red ugly thing
  5171 | D:11     | Killed a red ugly thing
  5201 | D:11     | Noticed Psyche
  5206 | D:11     | Killed Psyche
  5258 | D:11     | Noticed Josephine
  5266 | D:11     | Killed Josephine
  5310 | D:11     | Noticed Erolcha
  5321 | D:11     | Killed Erolcha
  5321 | D:11     | Reached skill level 10 in Invocations
  5733 | D:12     | Reached skill level 10 in Fighting
  5975 | D:12     | Reached XP level 12. HP: 111/116 MP: 11/11
  5986 | D:12     | Noticed a two-headed ogre
  5996 | D:12     | Killed a two-headed ogre
  6377 | D:7      | Bought the ring "Polau" {Ice rElec Slay+3} for 670 gold
                  | pieces
  6621 | D:13     | Found a gate to the Vaults.
  6882 | D:13     | Noticed a tengu warrior
  6882 | D:13     | Noticed a tengu warrior
  6903 | D:13     | Killed a tengu warrior
  6907 | D:13     | Killed a tengu warrior
  7066 | D:13     | Noticed a tengu warrior
  7067 | D:13     | Noticed a tengu warrior
  7077 | D:13     | Killed a tengu warrior
  7085 | D:13     | Killed a tengu warrior
  7556 | D:14     | Reached ***** piety under Makhleb
  7682 | D:14     | Noticed a catoblepas
  7698 | D:14     | Killed a catoblepas
  7733 | D:14     | Noticed a two-headed ogre
  7744 | D:14     | Killed a two-headed ogre
  7744 | D:14     | Reached XP level 13. HP: 97/127 MP: 13/13
  7941 | D:14     | Got a pair of warped gloves
  7952 | D:14     | Identified the cursed +0 pair of gloves of Gukkozac {+Blink
                  | rN+} (You found it on level 14 of the Dungeon)
  8400 | D:15     | Entered Level 15 of the Dungeon
  8472 | D:15     | Reached skill level 10 in Shields
  8518 | D:15     | Reached skill level 10 in Armour
  8924 | D:15     | Reached ****** piety under Makhleb
  8963 | D:15     | Found a staircase to the Depths.
  9206 | Lair:1   | Entered Level 1 of the Lair of Beasts
  9270 | Lair:1   | Noticed Nergalle
  9275 | Lair:1   | Killed Nergalle
  9361 | Lair:2   | Found a staircase to the Snake Pit.
  9457 | Lair:2   | Found a staircase to the Shoals.
  9546 | Lair:2   | Gained mutation: You resist negative energy. (rN+) [Deep
                  | Dwarf growth]
  9546 | Lair:2   | Reached XP level 14. HP: 137/138 MP: 8/8
 10082 | Lair:2   | Gained mutation: You have sharp fingernails. [potion of
                  | mutation]
 10082 | Lair:2   | Gained mutation: You are partially covered in slimy green
                  | scales. (AC +2) [potion of mutation]
 10741 | Lair:4   | HP: 4/138 [16-headed hydra (8)]
 10741 | Lair:4   | Slain by a 16-headed hydra

Levels and vault maps discovered:
D:1:      scummos_arrival_gate, layout_loops_cross
D:2:      layout_loops_ring, chequers_ecumenical_altar_simple_redux,
          first_ration
D:3:      layout_basic, cheibriados_altar_1
D:4:      layout_loops_ring, old_standard_altar, uniq_eustachio
D:5:      layout_basic, st_stairs_11, minmay_misc_feat_roman, grunt_decor_cap,
          grunt_dithmenos_shadows
D:6:      layout_gridville, nicolae_ru_path_of_blood, uniq_maggie, uniq_sigmund,
          uniq_grinder
D:7:      layout_rooms, minmay_temple_entry_butterflies, basic_altar,
          serial_shops, shop, grunt_livestock, xom_redecorated
D:8:      layout_basic, lemuel_tele_altar
D:9:      layout_rooms, orc_david_3, serial_shops, shop_coins
D:10:     minmay_angry_zag, layout_cave_pools, dpeg_oklobed_lair, uniq_grum
D:11:     layout_roguey, basic_altar, uniq_josephine, uniq_psyche, uniq_harold,
          uniq_erolcha
D:12:     kennysheep_funnel, layout_loops_ring
D:13:     layout_layer_cave, erik_vaults_1, hangedman_aviary
D:14:     layout_stronghold, nrook_mini_backslash, st_stairs_5
D:15:     gammafunk_enter_depths_forms, layout_cave_pools
Temple:   roderic_octagonal_lattice_temple
Lair:1:   beast_lair_carwin_large_4, layout_long_grid, lemuel_fruit_tree,
          uniq_nergalle
Lair:2:   layout_loops_ring, minmay_shoals_entry_lonely_mermaid,
          guppyfry_snake_entry_island, forest_entry_grove
Lair:3:   layout_hall_layers, infiniplex_staircase_pool_2
Lair:4:   layout_roguey

Skill      XL: |  1  2  3  4  5  6  7  8  9 10 11 12 13 14 |
---------------+-------------------------------------------+-----
Fighting       | 3 4 5 6 7 9 10 11 12 | 12.2
Axes           | 3 4 5 6 7 9 10 11 12 13 14 | 14.0
Shields        | 4 5 6 7 8 9 10 | 10.6
Armour         | 4 5 6 7 8 9 10 | 10.6
Invocations    | 5 8 10 12 13 14 | 14.1

Action                   |  1- 3 |  4- 6 |  7- 9 | 10-12 | 13-15 || total
-------------------------+-------+-------+-------+-------+-------++-------
Melee: War axe           |    60 |    95 |   256 |   561 |   432 ||  1404
Invok: Lesser Servant of |       |       |       |     2 |     3 ||     5
 Abil: Heal Wounds       |       |    11 |    14 |    18 |    25 ||    68
Evoke: Wand              |       |       |       |       |     1 ||     1
  Use: Scroll            |       |       |    18 |     6 |     4 ||    28
       Potion            |       |       |       |       |     3 ||     3
 Stab: Distracted        |       |       |       |     1 |       ||     1
  Eat: Chunk             |       |     1 |     8 |    21 |     9 ||    39
       Ration            |       |       |       |       |     2 ||     2
Armor: Scale mail        |    29 |    53 |    55 |       |       ||   137
       Swamp dragon scal |       |       |    15 |       |   112 ||   127
       Plate armour      |       |       |    68 |   208 |       ||   276
       Chain mail        |       |       |       |   156 |   187 ||   343
Dodge: Dodged            |    19 |    49 |    59 |   148 |   153 ||   428
Block: Kite shield       |    32 |    58 |   157 |   384 |   333 ||   964

Table legend:
 A = Non-vault XP
 B = Vault XP
 C = Vault XP percentage of total XP
 D = Non-vault monster count
 E = Vault monster count
 F = Vault count percentage of total count
                 A         B        C        D         E       F
            +---------+---------+-------+---------+---------+-------
      Total |   50577 |   22000 |  30.3 |     356 |      70 |  16.4
            +---------+---------+-------+---------+---------+-------
        D:1 |      14 |       0 |   0.0 |      10 |       0 |   0.0
        D:2 |       4 |       0 |   0.0 |       1 |       0 |   0.0
        D:3 |       2 |       0 |   0.0 |       1 |       0 |   0.0
        D:4 |     405 |     221 |  35.3 |      14 |       2 |  12.5
        D:5 |     628 |     166 |  20.9 |      22 |       2 |   8.3
        D:6 |     403 |     840 |  67.6 |      15 |       3 |  16.7
        D:7 |     821 |     963 |  54.0 |      20 |       5 |  20.0
        D:8 |    1552 |       0 |   0.0 |      25 |       0 |   0.0
        D:9 |    2241 |      12 |   0.5 |      28 |       4 |  12.5
       D:10 |    3839 |    1342 |  25.9 |      52 |      12 |  18.8
       D:11 |    3039 |    4301 |  58.6 |      17 |       8 |  32.0
       D:12 |    2706 |       0 |   0.0 |      14 |       0 |   0.0
       D:13 |    3746 |    7619 |  67.0 |      19 |      10 |  34.5
       D:14 |   10204 |     253 |   2.4 |      31 |       1 |   3.1
       D:15 |   11332 |    3600 |  24.1 |      40 |      12 |  23.1
     Lair:1 |     745 |     792 |  51.5 |       2 |       1 |  33.3
     Lair:2 |    4516 |    1891 |  29.5 |      24 |      10 |  29.4
     Lair:3 |    3705 |       0 |   0.0 |      18 |       0 |   0.0
     Lair:4 |     675 |       0 |   0.0 |       3 |       0 |   0.0
            +---------+---------+-------+---------+---------+-------
